 Dungeon Sprint DCSS version 0.21-a0-286-g6fcecc0 (webtiles) character file.

173915 Kidiri the Archmage (level 16, -10/157 HPs)
             Began as a Deep Elf Fire Elementalist on Sept 27, 2017.
             Was the Champion of Vehumet.
             Mangled by Mennas
             ... wielding a +0 trishula of holy wrath
              (15 damage)
             ... in the Dungeon (Sprint III: "The Ten Rune Challenge").
             The game lasted 01:35:17 (11103 turns).

Kidiri the Archmage (Deep Elf Fire Elementalist)   Turns: 11103, Time: 01:35:18

Health: -10/157    AC: 24    Str: 13    XL:     16   Next: 49%
Magic:  2/49       EV: 33    Int: 42    God:    Vehumet [******]
Gold:   3865       SH:  5    Dex: 33    Spells: 8/69 levels left

rFire    + . .     SeeInvis .   Q - +4 quick blade of Trial by Ordeal {holy, rElec rPois Dex+4}
rCold    + . .     Gourm    .   (no shield)
rNeg     . . .     Faith    .   j - +1 ring mail of Okawaru's Fury {*Slow Regen+ Int+6 Dex+2}
rPois    +         Spirit   .   a - +2 helmet of Objectivity {rC+}
rElec    +         Reflect  +   P - +0 cloak
rCorr    .         Harm     .   z - +2 pair of gloves {Dex+3}
MR       ++...     NoTele   +   C - +2 pair of boots of the Assassin {Detection Stab+ Stlth++}
Stlth    ..........             H - amulet of Niguthank {Reflect MR+ SH+5}
HPRegen  0.76/turn              G - ring of Finality {EV+2 Int+4 Stlth+}
MPRegen  0.31/turn              d - ring of Secrets {Str+3 Int+4 Dex+4}

@: agile, berserking (expiring), hasted, glowing, very quick
A: slimy green scales 1, fire resistance 1, shaggy fur 1
}: 3/10 runes: decaying, serpentine, silver
a: Renounce Religion


You were in the Dungeon.
You worshipped Vehumet.
Vehumet was exalted by your worship.
You were not hungry.

You visited 1 branch You collected 6665 gold pieces.
You spent 2800 gold pieces at shops.

Inventory:

Hand Weapons
 Q - the +4 quick blade of Trial by Ordeal (weapon) {holy, rElec rPois Dex+4}
   (You found it in the Dungeon)

   It has been blessed by the Shining One to cause great damage to the undead
   and demons.
   It affects your dexterity (+4).
   It insulates you from electricity.
   It protects you from poison.
Armour
 a - the +2 helmet of Objectivity (worn) {rC+}
   (You acquired it in the Dungeon)

   It protects you from cold.
 j - the +1 ring mail of Okawaru's Fury (worn) {*Slow Regen+ Int+6 Dex+2}
   (You bought it in a shop in the Dungeon)

   It affects your intelligence (+6).
   It affects your dexterity (+2).
   It increases your rate of regeneration.
   It may slow you when you take damage.
 l - a +0 robe of cold resistance
 t - a +4 shield of protection
 y - a +2 large shield of reflection
 z - a +2 pair of gloves of dexterity (worn)
 C - the +2 pair of boots of the Assassin (worn) {Detection Stab+ Stlth++}
   (You acquired it in the Dungeon)

   It makes you much more stealthy.
 P - a +0 cloak (worn)
Jewellery
 d - the ring of Secrets (right hand) {Str+3 Int+4 Dex+4}
   (You took it off a vault guard in the Dungeon)

   [ring of strength]

   It affects your strength (+3).
   It affects your intelligence (+4).
   It affects your dexterity (+4).
 u - an uncursed ring of flight
 G - the ring of Finality (left hand) {EV+2 Int+4 Stlth+}
   (You took it off a centaur warrior in the Dungeon)

   [ring of evasion]

   It affects your evasion (+2).
   It affects your intelligence (+4).
   It makes you more stealthy.
 H - the amulet of Niguthank (around neck) {Reflect MR+ SH+5}
   (You bought it in a shop in the Dungeon)

   [amulet of reflection]

   It shields you and reflects attacks.
   It affects your resistance to hostile enchantments.
   It affects your SH (+5).
Wands
 K - a wand of iceblast (8/15)
 L - a wand of random effects (25/48)
 O - a wand of flame (29/48)
 U - a wand of iceblast (7/15)
Scrolls
 e - a scroll of holy word
 m - 3 scrolls of remove curse
 p - 3 scrolls of torment
 q - 5 scrolls of amnesia
 F - a scroll of silence
 N - a scroll of fear
Potions
 b - a potion of heal wounds
 f - a potion of haste
 h - a potion of berserk rage
 o - 6 potions of flight
 v - 4 potions of lignification
 w - 6 potions of curing
 x - a potion of resistance
 A - a potion of invisibility
 I - 2 potions of brilliance
 M - 3 potions of cancellation
Books
 k - the Collected Works on Arcane Weapons
   (You found it in the Dungeon)

   Spells                             Type                      Level
   a - Sting                          Conjuration/Poison           1
   b - Throw Frost                    Conjuration/Ice              2
   c - Mephitic Cloud                 Conjuration/Poison/Air       3
   d - Static Discharge               Conjuration/Air              3
   e - Bolt of Draining               Conjuration/Necromancy       5
   f - Bolt of Magma                  Conjuration/Fire/Earth       5
Miscellaneous
 D - a lamp of fire
Comestibles
 c - a bread ration
 n - a meat ration
 r - 20 royal jellies


   Skills:
 + Level 13.7 Fighting
 - Level 12.1 Short Blades
 + Level 13.6 Armour
 - Level 14.3 Dodging
 - Level 2.4 Stealth
 + Level 9.8 Shields
 O Level 27 Spellcasting
 + Level 17.8 Conjurations
 + Level 18.0 Fire Magic
 + Level 15.6 Ice Magic
 + Level 13.5 Air Magic
 + Level 14.7 Earth Magic
 + Level 15.4 Poison Magic


You had 8 spell levels left.
You knew the following spells:

 Your Spells              Type           Power        Failure   Level  Hunger
a - Flame Tongue          Conj/Fire      #####        0%          1    None
b - Throw Flame           Conj/Fire      ######       0%          2    None
c - Conjure Flame         Conj/Fire      ########     0%          3    None
d - Inner Flame           Hex/Fire       #######.     1%          3    None
e - Ignite Poison         Fire/Tmut/Pois ########     0%          3    None
f - Sticky Flame          Conj/Fire      ########     0%          4    None
g - Fireball              Conj/Fire      ########..   0%          5    None
h - Bolt of Magma         Conj/Fire/Erth ########..   0%          5    None
i - Bolt of Fire          Conj/Fire      ########..   1%          6    None
j - Fire Storm            Conj/Fire      ########..   5%          9    None
k - Bolt of Cold          Conj/Ice       ########..   1%          6    None
l - Lightning Bolt        Conj/Air       ########..   0%          5    None
m - Iron Shot             Conj/Erth      ########..   1%          6    None
n - Mephitic Cloud        Conj/Pois/Air  ########     0%          3    None


Dungeon Overview and Level Annotations

Branches:
Dungeon (1/1)

Altars:
Cheibriados
Dithmenos
Elyvilon
Fedhas
Gozag
Hepliaklqana
Kikubaaqudgha
Makhleb
Nemelex Xobeh
Okawaru
Qazlal
Ru
Sif Muna
Trog
Uskayaw
Vehumet
Wu Jian
Xom
Yredelemnul
Zin
The Shining One
Beogh
Jiyva
Lugonu

Shops:
D [!=%!=(%}[!%}[:!!=(?(*[

Annotations:
D exclusions: 5 doors and statue, Mennas, Roxanne


Innate Abilities, Weirdness & Mutations

You are partially covered in slimy green scales. (AC +2)
Your flesh is heat resistant. (rF+)
You are covered in fur. (AC +1)


Message History

Mennas blocks your attack.
Mennas is heavily wounded.
Mennas blocks your attack.
Mennas is heavily wounded.
Mennas blocks your attack.
Mennas is heavily wounded.
You puncture Mennas!
Mennas is heavily wounded.
Mennas hits you with a trishula of holy wrath.
* * * LOW HITPOINT WARNING * * *
Mennas hits you with a trishula of holy wrath.
* * * LOW HITPOINT WARNING * * *
Mennas blocks your attack.
Mennas is heavily wounded.
You puncture Mennas!
Mennas is heavily wounded.
Mennas blocks your attack.
Mennas is heavily wounded.
Mennas hits you with a trishula of holy wrath!
You die...

▓▓▓▓▓▓▓▓▓ ▓▓▓ ▓<..#...####
##.#########
▓...#......#####..#___#___#
▓..##.......#..#..#...#__.#
▓##.##.##...#..#..###+#+###
##.##.###..##+#..#.)......
▓#.####.##..###...'.⌠A.....
▓.###..##.@####A..#...#####
▓#.....##[A###....#.⌠.#__#.
###..##...##.....#...#__#.
##..##....#......#+###__#.
#..###..##.#.....#[:.#__#.
#..# #..#####....#___#__+.
▓▓▓▓▓▓▓▓▓▓▓▓▓▓▓▓▓▓▓▓▓▓▓▓▓▓
▓...+≈≈≈§≈≈≈≈≈♣♣.....♣♣♣♣≈
▓...#.≈≈§§§≈≈.♣♣.≈≈≈≈+♣♣+♣


You could see Mennas.

Vanquished Creatures
  Mara (D)
  Boris (D)
  Frederick (D)
  2 golden dragons (D)
  A lich (D)
  Rupert (D)
  A deep elf master archer (D)
  2 sphinxes (D)
  Harold (D)
  A storm dragon (D)
  Chuck (D)
  A nagaraja (D)
  Gastronok (D)
  2 fire giants (D)
  3 shadow dragons (D)
  A frost giant (D)
  2 stone giants (D)
  A deep elf demonologist (D)
  2 vampire knights (D)
  2 dire elephants (D)
  Azrael (D)
  2 deep elf annihilators (D)
  A deep elf death mage (D)
  A deep elf high priest (D)
  A fire dragon (D)
  7 mummy priests (D)
  4 yaktaur captains (D)
  3 hydras (D)
  4 ice dragons (D)
  2 hell beasts (D)
  16 vault guards (D)
  Erolcha (D)
  An ogre mage (D)
  2 centaur warriors (D)
  6 anacondas (D)
  A naga warrior (D)
  4 dancing weapons (D)
  4 death yaks (D)
  Urug (D)
  A soul eater (D)
  A deep elf knight (D)
  2 sun demons (D)
  A death drake (D)
  8 skeletal warriors (D)
  A golden dragon zombie (D)
  A spriggan druid (D)
  An anaconda zombie (D)
  2 obsidian statues (D)
  An orc knight (D)
  6 deep elf magi (D)
  A lindwurm (D)
  2 oklob plants (D)
  4 crystal guardians (D)
  3 ugly things (D)
  A mana viper (shapeshifter) (D)
  2 elephants (D)
  A guardian serpent (D)
  6 black mambas (D)
  A molten gargoyle (D)
  4 statues (D)
  2 spiny frogs (D)
  A rime drake (D)
  A yaktaur (D)
  A komodo dragon (D)
  An anaconda simulacrum (D)
  3 guardian mummies (D)
  An ice devil (D)
  A queen bee (D)
  3 wandering mushrooms (D)
  2 tyrant leeches (D)
  4 spriggan defenders (D)
  A hornet (D)
  An orc high priest (D)
  A slime creature (shapeshifter) (D)
  A dream sheep (shapeshifter) (D)
  11 slime creatures (D)
  8 blink frogs (D)
  2 spriggans (D)
  A redback (shapeshifter) (D)
  5 redbacks (D)
  A shadow (D)
  A spatial vortex (D)
  2 iron troll simulacra (D)
  2 nagas (D)
  2 hydra simulacra (D)
  2 floating eyes (shapeshifter) (D)
  4 orc warriors (D)
  3 water moccasins (D)
  A swamp drake (D)
  2 black mamba simulacra (D)
  A fire dragon simulacrum (D)
  A necrophage (D)
  5 two-headed ogres (D)
  A water elemental (D)
  32 killer bees (D)
  A jelly (D)
  4 orc wizards (D)
  6 orc priests (D)
  A wizard (D)
  Jessica (D)
  A necromancer (D)
  A wolf simulacrum (D)
  3 humans (D)
  A kobold demonologist (D)
  A wolf (D)
  An adder (D)
  An ooze (D)
  2 swamp drake simulacra (D)
  6 orcs (D)
  2 rats (D)
  8 bushes (D)
  7 butterflies (D)
  18 plants (D)
316 creatures vanquished.

Vanquished Creatures (collateral kills)
  A butterfly (D)
1 creature vanquished.

Vanquished Creatures (others)
  2 draconian scorchers (D)
  A mummy priest (D)
  A shadow wraith (D)
  A glowing orange brain (D)
  Joseph (D)
  6 hellions (D)
  3 yaktaurs (D)
  2 hornets (D)
  An electric eel (D)
  4 ball lightnings (D)
  7 ballistomycetes (D)
  6 ballistomycete spores (D)
  A fire vortex (D)
  29 plants (D)
65 creatures vanquished.

Grand Total: 382 creatures vanquished

Notes
Turn   | Place    | Note
-------+----------+-------------------------------------------
     0 | D        | Kidiri the Deep Elf Fire Elementalist began the quest for the Orb.
     0 | D        | Reached XP level 1. HP: 10/10 MP: 6/6
    10 | D        | Reached skill level 4 in Spellcasting
    52 | D        | Killed a yaktaur
   102 | D        | Killed a hellion
   119 | D        | Noticed Jessica
   123 | D        | Killed Jessica
   123 | D        | Reached skill level 6 in Spellcasting
   123 | D        | Reached XP level 2. HP: 15/15 MP: 4/11
   123 | D        | Reached XP level 3. HP: 19/19 MP: 4/12
   127 | D        | Learned a level 2 spell: Throw Flame
   131 | D        | Learned a level 3 spell: Conjure Flame
   131 | D        | Killed a hellion
   135 | D        | Learned a level 3 spell: Inner Flame
   135 | D        | Killed a hellion
   138 | D        | Killed a white draconian scorcher
   140 | D        | Killed a white draconian scorcher
   156 | D        | Killed a hellion
   170 | D        | Killed a hellion
   195 | D        | Reached skill level 7 in Spellcasting
   195 | D        | Reached skill level 5 in Fire Magic
   217 | D        | Killed a hellion
   260 | D        | Gained mutation: You are weak. (Str -2) [potion of mutation]
   260 | D        | Gained mutation: Your flesh is heat resistant. (rF+) [potion of mutation]
   261 | D        | Lost mutation: You are weak. (Str -2) [potion of mutation]
   261 | D        | Lost mutation: Your flesh is heat resistant. (rF+) [potion of mutation]
   261 | D        | Gained mutation: You are resistant to hostile enchantments. (MR+) [potion of mutation]
   261 | D        | Gained mutation: Your natural rate of healing is unusually fast. [potion of mutation]
   262 | D        | Lost mutation: You are resistant to hostile enchantments. (MR+) [potion of mutation]
   262 | D        | Lost mutation: Your natural rate of healing is unusually fast. [potion of mutation]
   262 | D        | Gained mutation: You have sharp toenails. [potion of mutation]
   262 | D        | Gained mutation: You passively map a small area around you. [potion of mutation]
   262 | D        | Gained mutation: You have an increased reservoir of magic. (+10% MP) [potion of mutation]
   263 | D        | Lost mutation: You passively map a small area around you. [potion of mutation]
   263 | D        | Lost mutation: You have an increased reservoir of magic. (+10% MP) [potion of mutation]
   263 | D        | Lost mutation: You have sharp toenails. [potion of mutation]
   263 | D        | Gained mutation: Your magical capacity is low. (-10% MP) [potion of mutation]
   263 | D        | Gained mutation: Armour fits poorly on your strangely shaped body. [potion of mutation]
   263 | D        | Gained mutation: You are partially covered in slimy green scales. (AC +2) [potion of mutation]
   264 | D        | Lost mutation: Armour fits poorly on your strangely shaped body. [potion of mutation]
   264 | D        | Lost mutation: Your magical capacity is low. (-10% MP) [potion of mutation]
   264 | D        | Gained mutation: Your flesh is heat resistant. (rF+) [potion of mutation]
   264 | D        | Gained mutation: You are covered in fur. (AC +1) [potion of mutation]
   316 | D        | Noticed a water elemental
   319 | D        | Killed a water elemental
   319 | D        | Reached skill level 9 in Spellcasting
   319 | D        | Reached skill level 5 in Conjurations
   319 | D        | Reached XP level 4. HP: 24/24 MP: 11/17
   326 | D        | Learned a level 4 spell: Sticky Flame
   357 | D        | Found a radiant altar of Vehumet.
   358 | D        | Noticed a wizard
   359 | D        | Found a deep blue altar of Sif Muna.
   359 | D        | Found an ancient bone altar of Kikubaaqudgha.
   360 | D        | Killed a wizard
   360 | D        | Reached XP level 5. HP: 20/28 MP: 13/19
   363 | D        | Reached skill level 10 in Spellcasting
   382 | D        | Learned a level 5 spell: Fireball
   386 | D        | Became a worshipper of Vehumet
   431 | D        | Killed a yaktaur
   445 | D        | Found a glowing silver altar of Zin.
   446 | D        | Found a glowing golden altar of the Shining One.
   446 | D        | Found a white marble altar of Elyvilon.
   446 | D        | Noticed a deep elf mage
   455 | D        | Killed a deep elf mage
   455 | D        | Reached skill level 5 in Dodging
   455 | D        | Reached skill level 12 in Spellcasting
   455 | D        | Reached XP level 6. HP: 21/37 MP: 14/23
   455 | D        | Reached XP level 7. HP: 23/41 MP: 14/24
   594 | D        | Found an ornate altar of the Wu Jian Council.
   594 | D        | Found a roughly hewn altar of Beogh.
   594 | D        | Found an iron altar of Okawaru.
   594 | D        | Found a bloodstained altar of Trog.
   594 | D        | Found a hide-covered altar of Uskayaw.
   594 | D        | Noticed a human
   598 | D        | Noticed a human
   604 | D        | Killed a human
   605 | D        | Killed a human
   605 | D        | Reached * piety under Vehumet
   605 | D        | Offered knowledge of Sandblast by Vehumet.
   605 | D        | Reached skill level 13 in Spellcasting
   725 | D        | Found a basalt altar of Yredelemnul.
   725 | D        | Found a shadowy altar of Dithmenos.
   725 | D        | Found a sacrificial altar of Ru.
   820 | D        | Noticed a shadow
   822 | D        | Killed a shadow
   822 | D        | Offered knowledge of Sting by Vehumet.
   822 | D        | Reached XP level 8. HP: 48/48 MP: 16/27
   824 | D        | Reached ** piety under Vehumet
   891 | D        | Found a blossoming altar of Fedhas.
   891 | D        | Found a stormy altar of Qazlal.
   891 | D        | Found a snail-covered altar of Cheibriados.
   891 | D        | Found a burning altar of Makhleb.
   891 | D        | Found a shimmering altar of Xom.
   892 | D        | Found a hazy altar of Hepliaklqana.
   892 | D        | Found an opulent altar of Gozag.
   892 | D        | Found a sparkling altar of Nemelex Xobeh.
   892 | D        | Found a corrupted altar of Lugonu.
   892 | D        | Found a viscous altar of Jiyva.
   908 | D        | Reached skill level 5 in Short Blades
   989 | D        | Offered knowledge of Static Discharge by Vehumet.
   992 | D        | Reached *** piety under Vehumet
   992 | D        | Reached skill level 14 in Spellcasting
  1079 | D        | Noticed a two-headed ogre
  1085 | D        | Killed a two-headed ogre
  1130 | D        | Noticed a two-headed ogre
  1130 | D        | Noticed Erolcha
  1141 | D        | Killed Erolcha
  1141 | D        | Offered knowledge of Dazzling Spray by Vehumet.
  1141 | D        | Reached skill level 5 in Fighting
  1141 | D        | Reached skill level 5 in Armour
  1141 | D        | Reached skill level 15 in Spellcasting
  1141 | D        | Reached XP level 9. HP: 54/54 MP: 12/30
  1150 | D        | Killed a two-headed ogre
  1150 | D        | Reached skill level 10 in Fire Magic
  1259 | D        | Reached **** piety under Vehumet
  1366 | D        | Noticed a queen bee
  1372 | D        | Offered knowledge of Ignite Poison by Vehumet.
  1382 | D        | Learned a level 3 spell: Ignite Poison
  1384 | D        | Reached ***** piety under Vehumet
  1384 | D        | Offered knowledge of Bolt of Cold by Vehumet.
  1389 | D        | Killed a queen bee
  1400 | D        | Reached skill level 10 in Conjurations
  1400 | D        | Reached skill level 16 in Spellcasting
  1400 | D        | Reached XP level 10. HP: 18/60 MP: 5/32
  1405 | D        | Reached ****** piety under Vehumet
  1618 | D        | Learned a level 6 spell: Bolt of Cold
  1641 | D        | Offered knowledge of Bolt of Fire by Vehumet.
  1649 | D        | Learned a level 6 spell: Bolt of Fire
  1660 | D        | Reached skill level 1 in Poison Magic
  1738 | D        | Reached skill level 1 in Ice Magic
  1748 | D        | Reached skill level 10 in Dodging
  1798 | D        | Noticed a spiny frog
  1798 | D        | Noticed a spiny frog
  1800 | D        | Killed a spiny frog
  1800 | D        | Killed a spiny frog
  1800 | D        | Reached skill level 17 in Spellcasting
  1800 | D        | Offered knowledge of Irradiate by Vehumet.
  2011 | D        | Noticed a lindwurm
  2013 | D        | Killed a lindwurm
  2104 | D        | Noticed Urug
  2108 | D        | Killed Urug
  2108 | D        | Reached XP level 11. HP: 56/67 MP: 10/34
  2219 | D        | Offered knowledge of Lightning Bolt by Vehumet.
  2240 | D        | Noticed an eight-headed hydra
  2241 | D        | Noticed a seven-headed hydra
  2243 | D        | Killed a seven-headed hydra
  2244 | D        | Killed an eight-headed hydra
  2244 | D        | Reached skill level 18 in Spellcasting
  2244 | D        | Reached skill level 5 in Poison Magic
  2284 | D        | Learned a level 5 spell: Lightning Bolt
  2375 | D        | Reached skill level 5 in Ice Magic
  2376 | D        | Reached skill level 1 in Air Magic
  2471 | D        | Offered knowledge of Iron Shot by Vehumet.
  2499 | D        | Learned a level 6 spell: Iron Shot
  2507 | D        | Noticed Rupert
  2514 | D        | Killed Rupert
  2666 | D        | Noticed a death yak
  2667 | D        | Noticed a death yak
  2670 | D        | Noticed a death yak
  2670 | D        | Killed a death yak
  2671 | D        | Noticed a death yak
  2671 | D        | Killed a death yak
  2671 | D        | Killed a death yak
  2674 | D        | Offered knowledge of Ozocubu's Refrigeration by Vehumet.
  2674 | D        | Reached skill level 19 in Spellcasting
  2675 | D        | Reached XP level 12. HP: 75/75 MP: 21/37
  2676 | D        | Killed a death yak
  2676 | D        | Reached skill level 10 in Short Blades
  2682 | D        | Noticed an azure jelly
  2682 | D        | Noticed an azure jelly
  2820 | D        | Noticed an anaconda
  2822 | D        | Noticed an anaconda
  2824 | D        | Killed an anaconda
  2828 | D        | Killed an anaconda
  2828 | D        | Offered knowledge of Spellforged Servitor by Vehumet.
  3004 | D        | Noticed an anaconda
  3007 | D        | Killed an anaconda
  3058 | D        | Noticed an anaconda
  3058 | D        | Noticed an anaconda
  3060 | D        | Killed an anaconda
  3067 | D        | Killed an anaconda
  3067 | D        | Reached skill level 5 in Air Magic
  3067 | D        | Reached skill level 5 in Earth Magic
  3213 | D        | Offered knowledge of Fire Storm by Vehumet.
  3213 | D        | Offered knowledge of Glaciate by Vehumet.
  3213 | D        | Offered knowledge of Chain Lightning by Vehumet.
  3215 | D        | Noticed an anaconda
  3220 | D        | Killed an anaconda
  3293 | D        | Noticed a naga warrior
  3293 | D        | Noticed a nagaraja
  3297 | D        | Killed a naga warrior
  3297 | D        | Reached skill level 20 in Spellcasting
  3298 | D        | Killed a nagaraja
  3300 | D        | Found Inuiha Piats's Antique Armour Boutique.
  3300 | D        | Found Hibruux's Distillery.
  3302 | D        | Found Gajyigh's Jewellery Shop.
  3381 | D        | Got a serpentine rune of Zot
  3462 | D        | Noticed an azure jelly
  3462 | D        | Noticed an azure jelly
  3463 | D        | Noticed a dire elephant
  3463 | D        | Noticed a dire elephant
  3463 | D        | Noticed Gastronok
  3471 | D        | Killed a dire elephant
  3471 | D        | Killed a dire elephant
  3471 | D        | Reached XP level 13. HP: 47/80 MP: 30/39
  3474 | D        | Killed Gastronok
  3716 | D        | Learned a level 9 spell: Fire Storm
  3789 | D        | Found Xawyklug's Food Shoppe.
  4076 | D        | Bought a diamond-encrusted ring mail for 144 gold pieces
  4086 | D        | Identified the +1 ring mail of Okawaru's Fury {*Slow Regen+ Int+6 Dex+2} (You bought it in a shop in the Dungeon)
  4087 | D        | Bought a potion of haste for 110 gold pieces
  4087 | D        | Bought a potion of curing for 33 gold pieces
  4087 | D        | Bought a potion of resistance for 110 gold pieces
  4087 | D        | Bought a potion of curing for 33 gold pieces
  4088 | D        | Bought an uncursed ring of positive energy for 200 gold pieces
  4217 | D        | Noticed a deep elf annihilator
  4221 | D        | Noticed a deep elf death mage
  4274 | D        | Noticed a deep elf annihilator
  4275 | D        | Reached skill level 21 in Spellcasting
  4276 | D        | Noticed a deep elf master archer
  4277 | D        | Killed a deep elf annihilator
  4278 | D        | Killed a deep elf death mage
  4370 | D        | Noticed a deep elf demonologist
  4372 | D        | Noticed a Hell Sentinel
  4377 | D        | Killed a deep elf demonologist
  4466 | D        | Killed a deep elf master archer
  4466 | D        | Reached skill level 10 in Fighting
  4698 | D        | Killed a deep elf annihilator
  4698 | D        | Reached skill level 10 in Armour
  4728 | D        | Identified the Almanac of the Quantum Entourage
  4730 | D        | Got a jewelled dagger
  4731 | D        | Identified The Foundations of Theurgy
  4734 | D        | Identified the Catalogue of Doom
  4734 | D        | Identified Defies's Tome of Enchanting Flight
  4741 | D        | Identified the Collected Works on Arcane Weapons
  4786 | D        | Got a clouded diamond amulet
  4802 | D        | Lost strength.
  4802 | D        | Identified the amulet of Utij {Spirit rPois rF+ MP+9 Str-5} (You found it in the Dungeon)
  5073 | D        | Identified the cursed +0 dagger of Wariness {flame, MR+} (You found it in the Dungeon)
  5231 | D        | Reached skill level 10 in Ice Magic
  5293 | D        | Found a blossoming altar of Fedhas.
  5296 | D        | Reached skill level 10 in Poison Magic
  5519 | D        | Found Omiel's Distillery.
  5519 | D        | Found Siustyxkie's Jewellery Shop.
  5519 | D        | Found Biomat's Antique Weapon Shoppe.
  5549 | D        | Bought a potion of curing for 33 gold pieces
  5549 | D        | Bought a potion of invisibility for 88 gold pieces
  5549 | D        | Bought a potion of curing for 33 gold pieces
  5549 | D        | Bought a potion of agility for 44 gold pieces
  5550 | D        | Bought the amulet of Niguthank {Reflect MR+ SH+5} for 753 gold pieces
  5593 | D        | Got a decaying rune of Zot
  5826 | D        | Noticed Harold
  5826 | D        | Noticed Joseph
  5833 | D        | Killed Harold
  5833 | D        | Reached skill level 22 in Spellcasting
  5836 | D        | Killed Joseph
  6060 | D        | Reached XP level 14. HP: 87/87 MP: 42/42
  6069 | D        | Found Hoirph's Distillery.
  6069 | D        | Found Cetzif's Antique Weapon Shop.
  6069 | D        | Found Qattam's Book Boutique.
  6069 | D        | Found Tomurghe's Antique Armour Shoppe.
  6069 | D        | Found Zoafeuz's Distillery.
  6069 | D        | Found Buhaox's Jewellery Emporium.
  6069 | D        | Found Hoss's Armour Shoppe.
  6069 | D        | Found Niuleism's Assorted Antiques.
  6069 | D        | Found Opaxzuziop's Gadget Shop.
  6069 | D        | Found Odaxanorih's Weapon Emporium.
  6069 | D        | Found Kees's Food Emporium.
  6069 | D        | Found Paulif's Magic Scroll Boutique.
  6086 | D        | Bought a +2 shield of protection for 258 gold pieces
  6100 | D        | Bought a potion of curing for 33 gold pieces
  6100 | D        | Bought a potion of curing for 33 gold pieces
  6100 | D        | Bought a potion of brilliance for 44 gold pieces
  6100 | D        | Bought a potion of haste for 110 gold pieces
  6100 | D        | Bought a potion of heal wounds for 55 gold pieces
  6100 | D        | Bought a potion of heal wounds for 55 gold pieces
  6100 | D        | Bought a potion of haste for 110 gold pieces
  6103 | D        | Bought a potion of heal wounds for 55 gold pieces
  6103 | D        | Bought a potion of curing for 33 gold pieces
  6103 | D        | Bought a potion of cancellation for 88 gold pieces
  6103 | D        | Bought a potion of curing for 33 gold pieces
  6109 | D        | Bought a scroll of fear for 42 gold pieces
  6109 | D        | Bought a scroll of enchant armour for 90 gold pieces
  6109 | D        | Bought 2 scrolls of enchant armour for 180 gold pieces
  6245 | D        | Reached skill level 1 in Shields
  6574 | D        | Got a polished quick blade
  6575 | D        | Identified the +4 quick blade of Trial by Ordeal {holy, rElec rPois Dex+4} (You found it in the Dungeon)
  6907 | D        | Noticed Chuck
  6908 | D        | Found the ring of Robustness {AC+8}
  6912 | D        | Killed Chuck
  7013 | D        | Noticed Frederick
  7016 | D        | Killed Frederick
  7016 | D        | Reached skill level 23 in Spellcasting
  7016 | D        | Reached skill level 15 in Fire Magic
  7016 | D        | Reached skill level 10 in Earth Magic
  7136 | D        | Noticed a lich
  7139 | D        | Killed a lich
  7195 | D        | Noticed a shadow dragon
  7197 | D        | Killed a shadow dragon
  7197 | D        | Reached skill level 15 in Conjurations
  7198 | D        | Noticed a shadow dragon
  7213 | D        | Reached skill level 10 in Air Magic
  7228 | D        | Killed a shadow dragon
  7499 | D        | Reached skill level 5 in Shields
  7521 | D        | Noticed an ancient lich
  7613 | D        | Noticed a sphinx
  7613 | D        | Noticed a sphinx
  7616 | D        | Killed a sphinx
  7629 | D        | Killed a sphinx
  7629 | D        | Reached XP level 15. HP: 48/94 MP: 8/44
  7769 | D        | Reached skill level 24 in Spellcasting
  8218 | D        | Noticed a shadow dragon
  8218 | D        | Noticed a frost giant
  8218 | D        | Noticed a fire giant
  8218 | D        | Noticed a golden dragon
  8218 | D        | Noticed a fire giant
  8218 | D        | Noticed a golden dragon
  8228 | D        | Killed a frost giant
  8293 | D        | Killed a fire giant
  8355 | D        | Killed a golden dragon
  8355 | D        | Reached skill level 25 in Spellcasting
  8635 | D        | Got a crude silver ring
  8674 | D        | Identified the ring of Finality {EV+2 Int+4 Stlth+} (You took it off a centaur warrior in the Dungeon)
  8846 | D        | Killed a shadow dragon
  8857 | D        | Killed a fire giant
  8943 | D        | Got a heavily runed ivory ring
  8989 | D        | Identified the ring of Secrets {Str+3 Int+4 Dex+4} (You took it off a vault guard in the Dungeon)
  9011 | D        | Got a twitching granite ring
  9012 | D        | Got twisted ice dragon scales
  9043 | D        | Identified the ring "Cahuevy" {rCorr Dex-5 Slay+5} (You took it off a skeletal warrior in the Dungeon)
  9059 | D        | Identified the +4 ice dragon scales "Agem" {rF- rC++ Int+2} (You took it off a skeletal warrior in the Dungeon)
  9100 | D        | Killed a golden dragon
  9126 | D        | Got a silver rune of Zot
  9393 | D        | Got a warped helmet
  9404 | D        | Identified the +2 helmet of Objectivity {rC+} (You acquired it in the Dungeon)
  9443 | D        | Got a transparent shortbow
  9971 | D        | Reached skill level 26 in Spellcasting
 10076 | D        | Reached XP level 16. HP: 102/102 MP: 42/48
 10096 | D        | Noticed Azrael
 10098 | D        | Killed Azrael
 10111 | D        | Found the +2 pair of boots of the Assassin {Detection Stab+ Stlth++}
 10305 | D        | Noticed Boris
 10309 | D        | Killed Boris
 10453 | D        | Learned a level 3 spell: Mephitic Cloud
 10459 | D        | Learned a level 5 spell: Bolt of Magma
 10468 | D        | Noticed Mennas
 10484 | D        | Found Qyrigyep's Gadget Shop.
 10494 | D        | Found Elamed's Distillery.
 10494 | D        | Found Nouduo's Armour Shop.
 10494 | D        | Found Tyffeh's Food Emporium.
 10494 | D        | Noticed Roxanne
 10496 | D        | Reached skill level 15 in Ice Magic
 10517 | D        | Reached skill level 15 in Poison Magic
 10598 | D        | Noticed a storm dragon
 10604 | D        | Killed a storm dragon
 10615 | D        | Noticed Mara
 10711 | D        | Noticed Kidiri's illusion
 10728 | D        | Killed Mara
 10728 | D        | Reached skill level 27 in Spellcasting
 11100 | D        | HP: 4/157 [Mennas/trishula of holy wrath (4)]
 11103 | D        | Mangled by Mennas

Vault maps used:
D:        dungeon_sprint_mu

Skill      XL: |  1  2  3  4  5  6  7  8  9 10 11 12 13 14 15 16 |
---------------+-------------------------------------------------+-----
Spellcasting   | 6 9 12 13 15 16 17 19 20 22 23 26 27 | 27.0
Conjurations   | 3 5 7 8 9 10 11 12 14 15 16 17 | 17.8
Fire Magic     | 4 6 8 9 10 11 12 13 14 15 17 18 | 18.0
Fighting       | 3 4 5 6 7 8 9 10 11 13 | 13.7
Short Blades   | 3 4 6 7 8 9 10 12 | 12.1
Armour         | 3 4 5 6 7 8 9 10 11 12 13 | 13.6
Dodging        | 5 6 8 9 10 11 13 14 | 14.3
Poison Magic   | 4 6 8 10 12 14 15 | 15.4
Ice Magic      | 4 6 8 10 12 14 15 | 15.6
Air Magic      | 3 6 8 10 12 13 | 13.5
Earth Magic    | 3 6 8 11 13 14 | 14.7
Shields        | 5 8 9 |  9.8
Stealth        | |  2.4

Action                   |  1- 3 |  4- 6 |  7- 9 | 10-12 | 13-15 | 16-18 || total
-------------------------+-------+-------+-------+-------+-------+-------++-------
Melee: Dagger            |       |     1 |     5 |     6 |    17 |       ||    29
       Quick blade       |       |       |       |       |    66 |    32 ||    98
Throw: Throwing net      |       |       |       |       |     1 |       ||     1
 Cast: Flame Tongue      |    17 |     5 |    62 |    27 |    14 |     4 ||   129
       Conjure Flame     |     1 |       |    11 |     3 |     4 |     1 ||    20
       Sticky Flame      |       |     3 |    12 |     8 |    12 |     4 ||    39
       Inner Flame       |       |       |    11 |     2 |     6 |       ||    19
       Fireball          |       |       |     1 |     8 |    19 |       ||    28
       Throw Flame       |       |       |     2 |     2 |     1 |     2 ||     7
       Bolt of Fire      |       |       |       |    62 |   146 |    19 ||   227
       Bolt of Cold      |       |       |       |     4 |    16 |    14 ||    34
       Iron Shot         |       |       |       |     5 |    62 |    20 ||    87
       Lightning Bolt    |       |       |       |       |     2 |     3 ||     5
       Fire Storm        |       |       |       |       |     1 |     1 ||     2
       Bolt of Magma     |       |       |       |       |       |    10 ||    10
 Abil: Evoke Flight      |       |       |       |       |     3 |     1 ||     4
  Use: Potion            |     7 |       |       |       |     3 |    14 ||    24
       Scroll            |       |       |       |     5 |     7 |     2 ||    14
 Stab: Sleeping          |       |       |       |     1 |       |       ||     1
  Eat: Chunk             |       |       |     1 |     3 |     7 |       ||    11
       Royal jelly       |       |       |       |     5 |     4 |     1 ||    10
       Fruit             |       |       |       |       |     8 |       ||     8
Armor: Robe              |     1 |       |     4 |     2 |       |       ||     7
       Ring mail         |       |       |       |       |    23 |    25 ||    48
Dodge: Dodged            |     5 |     2 |    23 |    41 |    57 |    51 ||   179
Block: Other             |       |       |       |       |     9 |     9 ||    18
       Reflection        |       |       |       |       |     5 |       ||     5
       Shield            |       |       |       |       |    15 |       ||    15

Table legend:
 A = Spawn XP
 B = Non-spawn XP
 C = Spawn XP percentage of total XP
 D = Spawn monster count
 E = Non-spawn monster count
 F = Spawn count percentage of total count
 G = Total turns spent on level
                    A         B        C        D         E        F      G
               +---------+---------+-------+---------+---------+-------+---------
         Total |       0 |  184165 |   0.0 |       0 |     284 |   0.0 | 11103
               +---------+---------+-------+---------+---------+-------+---------
             D |       0 |  184165 |   0.0 |       0 |     284 |   0.0 | 11103
               +---------+---------+-------+---------+---------+-------+---------
